 Dungeon Crawl Stone Soup version 0.20.0-15-g7f486f2 (webtiles) character file.

86 vishdafish the Sneak (level 4, 0/36 HPs)
             Began as a Naga Enchanter on June 29, 2017.
             Was an Initiate of Dithmenos.
             Slain by an orc
             ... wielding a cursed -2 flail
              (4 damage)
             ... on level 3 of the Dungeon.
             The game lasted 00:05:28 (2899 turns).

vishdafish the Sneak (Naga Enchanter)               Turns: 2899, Time: 00:05:28

Health: 0/36       AC:  2    Str: 10    XL:     4   Next: 49%
Magic:  8/8        EV:  9    Int: 15    God:    Dithmenos [......]
Gold:   97         SH:  0    Dex: 13    Spells: 7/8 levels left

rFire    . . .     SeeInvis +   a - +1 dagger
rCold    . . .     Gourm    .   (no shield)
rNeg     . . .     Faith    .   i - +0 leather armour (curse)
rPois    +         Spirit   .   (no helmet)
rElec    .         Reflect  .   (no cloak)
rCorr    .         Harm     .   (no gloves)
MR       .....                  (no barding)
Stlth    +++.......             (no amulet)
Regen    0.2/turn               (no ring)
MPRegen  0.2/turn               (no ring)

@: very slow
A: see invisible, deformed body, poison resistance, slowness 2, slow metabolism
1, spit poison 1, AC +1
a: Spit Poison, Renounce Religion


You were on level 3 of the Dungeon.
You worshipped Dithmenos.
Dithmenos was noncommittal.
You were not hungry.

You visited 1 branch of the dungeon, and saw 3 of its levels.

You collected 97 gold pieces.

Inventory:

Hand Weapons
 a - a +1 dagger (weapon)
Armour
 b - a +0 robe
 i - a cursed +0 leather armour (worn)
 p - a +0 buckler
Wands
 n - a wand of digging (9/24)
Scrolls
 d - a scroll of identify {unknown}
 e - a scroll of enchant armour {unknown}
 f - a scroll of blinking {unknown}
 g - 2 scrolls of immolation {unknown}
 h - a scroll of teleportation {unknown}
 m - a scroll of fear {unknown}
 o - a scroll of remove curse {unknown}
 q - 3 scrolls of noise {unknown}
Potions
 j - a potion of brilliance
 k - a potion of lignification {unknown}
 r - 2 potions of curing
 t - 2 potions of invisibility {unknown}
Books
 c - a book of Maledictions

   Spells                             Type                      Level
   a - Corona                         Hexes                        1
   b - Ensorcelled Hibernation        Hexes/Ice                    2
   c - Confuse                        Hexes                        3
   d - Tukima's Dance                 Hexes                        3
   e - Dazzling Spray                 Conjuration/Hexes            3
Comestibles
 l - 4 royal jellies
 s - 2 meat rations
 u - a bread ration


   Skills:
 + Level 1.7 Short Blades
 + Level 1.9 Dodging
 * Level 5.7 Stealth
 + Level 0.1 Shields
 * Level 2.6 Spellcasting
 + Level 3.4 Hexes


You had 7 spell levels left.
You knew the following spells:

 Your Spells              Type           Power        Failure   Level  Hunger
a - Corona                Hex            ##.....      7%          1    #......


Dungeon Overview and Level Annotations

Branches:
Dungeon (3/15)

Altars:
Dithmenos
Gozag
Okawaru


Innate Abilities, Weirdness & Mutations

You cannot wear boots.
Your serpentine skin is tough. (AC +1)
You have supernaturally acute eyesight. (SInv)
Armour fits poorly on your strangely shaped body.
Your system is resistant to poisons. (rPois)
You cover ground very slowly.
You have a slow metabolism.
You can spit poison.


Message History

You are too injured to fight recklessly!
You are too injured to fight recklessly!
You are too injured to fight recklessly!
You are too injured to fight recklessly!
You are too injured to fight recklessly!
You are too injured to fight recklessly!
You are too injured to fight recklessly!
You are too injured to fight recklessly!
You are too injured to fight recklessly!
Okay, then.
You hit the orc.
The orc is severely wounded.
You barely miss the orc.
The orc is severely wounded.
The orc hits you with a flail!
* * * LOW HITPOINT WARNING * * *
You hit the orc but do no damage.
The orc is severely wounded.
The orc hits you with a flail.
You die...

##.......###.# #
..........# #.# #
###.......# #.# #
######### #.# # #.# #
##.## # #.###########
##.>.###
#.....o<....#####..#....
#@.............###
#.###.#####.#.## #.# #.#
#.#.# #.# #.# #.#.#
#.###.#####.#.#
###.#.........#.#
...........)....#
###.###.#####.###### ..
#†# #.......


You could see an orc.

Vanquished Creatures
  2 adders
  An ooze (D:3)
  A dart slug (D:2)
  2 leopard geckos (D:2)
  2 ball pythons (D:1)
  7 giant cockroaches
  4 goblins
  6 hobgoblins
  2 jackals (D:2)
  5 bats
  4 frilled lizards
  11 kobolds
  8 rats
55 creatures vanquished.

Notes
Turn   | Place    | Note
-------+----------+-------------------------------------------
     0 | D:1      | vishdafish the Naga Enchanter began the quest for the Orb.
     0 | D:1      | Reached XP level 1. HP: 15/15 MP: 3/3
   190 | D:1      | Reached XP level 2. HP: 8/22 MP: 5/5
   933 | D:2      | Reached XP level 3. HP: 18/28 MP: 6/6
  1048 | D:2      | Reached skill level 5 in Stealth
  1569 | D:2      | Found a shadowy altar of Dithmenos.
  1575 | D:2      | Became a worshipper of Dithmenos the Shadowed
  1889 | D:2      | HP: 1/28 [adder (3)]
  1903 | D:2      | Reached XP level 4. HP: 11/36 MP: 7/7
  2357 | D:3      | Found an iron altar of Okawaru.
  2407 | D:3      | Found an opulent altar of Gozag.
  2899 | D:3      | Slain by an orc

Skill      XL: |  1  2  3 |
---------------+----------+-----
Stealth        | 5 |  5.7
Short Blades   | |  1.7
Dodging        | |  1.9
Shields        | |  0.1
Spellcasting   | |  2.6
Hexes          | |  3.4

Action                   |  1- 3 |  4- 6 || total
-------------------------+-------+-------++-------
Melee: Dagger            |   173 |    77 ||   250
  Use: Potion            |     5 |       ||     5
 Stab: Sleeping          |    11 |     1 ||    12
       Distracted        |       |     1 ||     1
  Eat: Bread ration      |     1 |       ||     1
Armor: Robe              |     3 |       ||     3
       Leather armour    |    28 |    20 ||    48
Dodge: Dodged            |    89 |    23 ||   112
